[Event "Titled Tuesday Blitz February 22 Late 2022"]
[White "Khumalo, Keith"]
[Black "Babazada, Khazar"]
[WhiteFideId "14319470"]
[BlackFideId "13413554"]
[WhiteElo "1992"]
[BlackElo "2418"]
[Result "0-1"]
[Round "02"]
[TimeControl "180+1"]
[Date "2022.02.22"]
[WhiteClock "0:01:21"]
[BlackClock "0:00:50"]

1. d4 Nf6 2. c4 e6 3. Nf3 d5 4. g3 dxc4 5. Bg2 Bb4+ 6. Bd2 a5 7. O-O O-O 8. Bf4 Bd6 9. Be5 Nbd7 10. Qc2 Rb8 11. a4 b6 12. Nbd2 Bb7 13. Nxc4 Bxe5 14. Nfxe5 Bxg2 15. Kxg2 Nxe5 16. Nxe5 Qxd4 17. Nc6 Qd5+ 18. f3 Rbe8 19. e4 Qg5 20. Rfd1 h5 21. h4 Qh6 22. f4 Ng4 23. Rd3 e5 24. Rf1 f5 25. exf5 exf4 26. Qc4+ Kh8 27. Rxf4 Re2+ 28. Kg1 Rfe8 29. Rd1 Re1+ 30. Rf1 Qe3+ 31. Kh1 Qxg3 0-1


[Site "https://www.chess.com"]

[Event "Titled Tuesday Blitz February 22 Late 2022"]
[White "Kim, Sergey"]
[Black "Abdrlauf, Elham"]
[WhiteFideId "13700570"]
[BlackFideId "1533533"]
[WhiteElo "2643"]
[BlackElo "2334"]
[Result "0-1"]
[Round "02"]
[TimeControl "180+1"]
[Date "2022.02.22"]
[WhiteClock "0:00:09"]
[BlackClock "0:00:04"]

1. d4 Nf6 2. c4 e6 3. Nc3 d5 4. Nf3 c6 5. e3 Nbd7 6. Bd3 dxc4 7. Bxc4 b5 8. Bb3 Bb7 9. O-O Be7 10. Qe2 a6 11. e4 c5 12. e5 Ng4 13. d5 c4 14. Bc2 exd5 15. e6 fxe6 16. Qxe6 Ndf6 17. Ng5 Nh6 18. Nxh7 Qd7 19. Nxf6+ gxf6 20. Bg6+ Kd8 21. Qb6+ Qc7 22. Qe6 Ng4 23. g3 Nxh2 24. Bf4 Qc6 25. Qxc6 Bxc6 26. Rfd1 Nf3+ 27. Kg2 d4 28. Be4 Bxe4 29. Nxe4 Ne5 30. Rxd4+ Ke8 31. Rad1 Kf7 32. Bxe5 fxe5 33. Rd7 Rhd8 34. Rxd8 Rxd8 35. Rxd8 Bxd8 36. Kf3 Be7 37. Ke2 Ke6 38. f4 Kd5 39. Nc3+ Kd4 40. f5 b4 41. Nd1 e4 42. Ne3 Bg5 43. Nc2+ Kc5 44. g4 a5 45. b3 a4 46. bxc4 Kxc4 47. Na1 Kc3 48. f6 Bxf6 49. Ke3 Kb2 50. Kxe4 Kxa1 51. Kf5 Bh8 0-1


[Site "https://www.chess.com"]

[Event "Titled Tuesday Blitz February 22 Late 2022"]
[White "Kobo, Ori"]
[Black "Myers, Dominique"]
[WhiteFideId "2812320"]
[BlackFideId "2041715"]
[WhiteElo "2768"]
[BlackElo "2304"]
[Result "1-0"]
[Round "02"]
[TimeControl "180+1"]
[Date "2022.02.23"]
[WhiteClock "0:00:15"]
[BlackClock "0:00:03"]

1. Nc3 Nf6 2. d4 d5 3. Bf4 g6 4. e3 Bg7 5. Nb5 Na6 6. h3 c6 7. Nc3 O-O 8. Nf3 Ne4 9. Nxe4 dxe4 10. Nd2 c5 11. c3 cxd4 12. cxd4 Qb6 13. b3 Rd8 14. Nc4 Qb4+ 15. Qd2 Be6 16. a3 Qxb3 17. Na5 Qa4 18. Nxb7 Rdc8 19. Qa5 Nc5 20. Qxa4 Nxa4 21. Ba6 Rc2 22. O-O Bd5 23. Rfc1 Rac8 24. Re1 Nc3 25. Nc5 Rc6 26. Bf1 Rxc5 27. dxc5 Nb5 28. Rad1 Bc6 29. Rd8+ Bf8 30. Bh6 Be8 31. Rxe8 1-0


[Site "https://www.chess.com"]

[Event "Titled Tuesday Blitz February 22 Late 2022"]
[White "Kohler, Aran"]
[Black "Erdogdu, Mert"]
[WhiteFideId "1002856"]
[BlackFideId "6301495"]
[WhiteElo "2259"]
[BlackElo "2485"]
[Result "0-1"]
[Round "02"]
[TimeControl "180+1"]
[Date "2022.02.23"]
[WhiteClock "0:00:13"]
[BlackClock "0:00:12"]

1. d4 d5 2. Nf3 e6 3. Bf4 Bd6 4. Bg3 Nf6 5. e3 c5 6. c3 Qc7 7. Nbd2 Nbd7 8. Bd3 O-O 9. Rc1 b6 10. Qe2 Bb7 11. O-O Bxg3 12. hxg3 e5 13. dxe5 Nxe5 14. Nxe5 Qxe5 15. Nf3 Qh5 16. Nh4 Qe5 17. Rfd1 Rad8 18. Nf3 Qe7 19. Nh4 g6 20. Ba6 Ba8 21. Nf3 Rd6 22. Bd3 Re8 23. Re1 Kg7 24. Rcd1 Red8 25. Nh2 Ne4 26. Bxe4 dxe4 27. Rxd6 Qxd6 28. Nf1 h5 29. g4 h4 30. g3 hxg3 31. Nxg3 Qd2 32. Qxd2 Rxd2 33. Re2 Rd1+ 34. Kg2 Kf6 35. Nf1 Ke5 36. Rd2 Ra1 37. a3 Bd5 38. Nh2 f6 39. g5 f5 40. Nf1 Bc4 41. Ng3 Bd3 42. Ne2 Bxe2 43. Rxe2 Rd1 44. f4+ exf3+ 45. Kxf3 Rg1 46. Rd2 Rxg5 47. Rd7 Rg1 48. Rxa7 Rb1 49. b4 Rb3 50. bxc5 bxc5 51. c4 g5 52. Rc7 Kd6 53. Rg7 g4+ 54. Kf4 Rxa3 55. Rg6+ Kc7 56. Kxf5 Rxe3 57. Rxg4 Kd6 58. Rg6+ Kc7 59. Rg4 Kb6 60. Re4 Rd3 61. Ke5 Ka5 62. Rh4 Kb4 63. Rg4 Kc3 64. Rh4 Kb4 65. Rg4 Rd8 66. Ke6 Rd1 67. Ke5 Re1+ 68. Kd5 Rd1+ 69. Kc6 Rd4 70. Rg5 Rxc4 71. Kd5 Rc2 72. Ke4 Rd2 73. Ke3 Rd8 74. Rg7 c4 75. Rb7+ Kc3 76. Rb6 Re8+ 77. Kf2 Kd2 78. Rd6+ Kc2 79. Rc6 c3 80. Kf1 Kd2 81. Kf2 Rf8+ 82. Kg3 c2 83. Rd6+ Kc1 84. Rc6 Rd8 85. Rc4 Kd2 86. Rf4 c1=Q 87. Rf2+ Kc3 88. Rf3+ Rd3 89. Rxd3+ Kxd3 90. Kg4 Qf1 91. Kg5 Ke4 92. Kh4 Qg2 93. Kh5 Kf5 94. Kh6 Qg6# 0-1


[Site "https://www.chess.com"]

[Event "Titled Tuesday Blitz February 22 Late 2022"]
[White "Kollars, Dmitrij"]
[Black "Sharafiev, Azat"]
[WhiteFideId "12909572"]
[BlackFideId "4186214"]
[WhiteElo "2584"]
[BlackElo "2299"]
[Result "1-0"]
[Round "02"]
[TimeControl "180+1"]
[Date "2022.02.22"]
[WhiteClock "0:01:17"]
[BlackClock "0:01:38"]

1. d4 Nf6 2. c4 g6 3. Nc3 Bg7 4. e4 d6 5. h3 O-O 6. Be3 b6 7. Bd3 c5 8. Nge2 cxd4 9. Nxd4 Bb7 10. O-O Nbd7 11. Bc2 Nc5 12. f3 Rc8 13. Qd2 a6 14. a4 Nfd7 15. Rad1 Ne5 16. b3 Re8 17. Nde2 Bc6 18. f4 Ned7 19. b4 Ne6 20. f5 Nef8 21. Bh6 Ne5 22. Bb3 Nfd7 23. fxg6 hxg6 24. Nd4 Bb7 25. c5 bxc5 26. Bxg7 cxd4 27. Qh6 1-0


[Site "https://www.chess.com"]

[Event "Titled Tuesday Blitz February 22 Late 2022"]
[White "Kosakowski, Jakub"]
[Black "Yordanov, Nikolay Plamenov"]
[WhiteFideId "1185080"]
[BlackFideId "2907445"]
[WhiteElo "2788"]
[BlackElo "2434"]
[Result "1-0"]
[Round "02"]
[TimeControl "180+1"]
[Date "2022.02.23"]
[WhiteClock "0:01:03"]
[BlackClock "0:00:23"]

1. c4 Nf6 2. Nc3 g6 3. g3 Bg7 4. Bg2 O-O 5. d4 d6 6. Nf3 Nc6 7. O-O a6 8. h3 Rb8 9. e4 e5 10. d5 Ne7 11. b4 h6 12. c5 Nh7 13. a4 f5 14. Ba3 Nf6 15. Nd2 f4 16. b5 fxg3 17. fxg3 Kh7 18. b6 dxc5 19. bxc7 Qxc7 20. a5 Bd7 21. Nc4 Neg8 22. d6 Qd8 23. Nxe5 Nh5 24. Nxd7 Qxd7 25. Qd3 Bd4+ 26. Kh1 Qxd6 27. Ne2 Qe5 28. Rab1 c4 29. Qxc4 Rxf1+ 30. Rxf1 Nxg3+ 31. Nxg3 Qxg3 32. Qxd4 Qc7 33. Bb2 1-0


[Site "https://www.chess.com"]

[Event "Titled Tuesday Blitz February 22 Late 2022"]
[White "Kravtsiv, Martyn"]
[Black "Jarocka, Liwia"]
[WhiteFideId "14113147"]
[BlackFideId "21807558"]
[WhiteElo "2694"]
[BlackElo "1896"]
[Result "0-1"]
[Round "02"]
[TimeControl "180+1"]
[Date "2022.02.23"]
[WhiteClock "0:00:06"]
[BlackClock "0:00:19"]

1. c4 Nf6 2. Nc3 b6 3. e4 Bb7 4. e5 Ne4 5. Qf3 d5 6. Nxd5 Nc5 7. Qe3 e6 8. Nc3 Nc6 9. Nf3 Nb4 10. Kd1 Ncd3 11. Bxd3 Nxd3 12. Ke2 Nxc1+ 13. Raxc1 Bc5 14. Qf4 O-O 15. Ne4 Be7 16. d4 c5 17. Rhd1 cxd4 18. Nxd4 Qc8 19. Nb5 Bxe4 20. Qxe4 Rd8 21. Rxd8+ Qxd8 22. Rd1 Qc8 23. Rd7 Qxd7 24. Qxa8+ Bf8 25. b3 a5 26. g3 g6 27. Qe4 Kg7 28. Qd4 Qc6 29. Nc3 Qh1 30. h4 Qa1 31. Qd3 Bb4 32. Ne4 Qxa2+ 33. Kf3 Qb2 34. Kf4 Qc1+ 35. Kg4 Qb2 36. f4 Qh2 37. Qd1 Qg2 38. Qd3 h5+ 39. Kg5 Qh3 40. Nf6 Be7 41. f5 Qxf5+ 42. Qxf5 exf5 0-1


[Site "https://www.chess.com"]

[Event "Titled Tuesday Blitz February 22 Late 2022"]
[White "Krishnan, Varun"]
[Black "Vifleemskaia, Svetlana"]
[WhiteFideId "5054508"]
[BlackFideId "4129490"]
[WhiteElo "2527"]
[BlackElo "1901"]
[Result "0-1"]
[Round "02"]
[TimeControl "180+1"]
[Date "2022.02.23"]
[WhiteClock "0:00:03"]
[BlackClock "0:00:12"]

1. e4 e5 2. Nf3 Nc6 3. Bb5 a6 4. Ba4 Nf6 5. O-O b5 6. Bb3 Be7 7. Re1 d6 8. c3 O-O 9. h3 Nd7 10. d4 Bf6 11. Be3 Na5 12. Bc2 Nc4 13. b3 Nxe3 14. fxe3 c5 15. Nbd2 Re8 16. Nf1 g6 17. N3h2 Bg7 18. Ng3 exd4 19. exd4 cxd4 20. cxd4 Qb6 21. Nf3 Ne5 22. Ne2 Nxf3+ 23. gxf3 Bxh3 24. Qd3 Rac8 25. Rad1 d5 26. Nf4 dxe4 27. fxe4 Qc7 28. Nxh3 Qxc2 29. Rd2 Qc3 30. Nf4 Qxd3 31. Rxd3 Rcd8 32. d5 Be5 33. Ne2 f5 34. Nd4 fxe4 35. Rxe4 Bxd4+ 36. Rexd4 Rd6 37. Rc3 Red8 38. Rc5 R8d7 39. a4 bxa4 40. bxa4 Kf7 41. a5 Kf6 42. Rd1 Ke5 43. Rc8 Rxd5 44. Re1+ Kd6 45. Rce8 Rxa5 46. R8e6+ Kc7 47. Rc1+ Kd8 48. Rec6 Rad5 49. Rc8+ Ke7 50. Re1+ Kf7 51. Rc6 Rd1 52. Kf2 Rxe1 53. Kxe1 Ra7 54. Kf2 a5 55. Kf3 a4 56. Kf4 a3 57. Kg5 a2 58. Kh6 a1=Q 59. Rf6+ Qxf6 60. Kxh7 Ke6+ 61. Kg8 Qg7# 0-1


[Site "https://www.chess.com"]

[Event "Titled Tuesday Blitz February 22 Late 2022"]
[White "Kushko, Dmitriy"]
[Black "Peatman, Carter"]
[WhiteFideId "14162261"]
[BlackFideId "2096480"]
[WhiteElo "2225"]
[BlackElo "2336"]
[Result "1-0"]
[Round "02"]
[TimeControl "180+1"]
[Date "2022.02.23"]
[WhiteClock "0:01:50"]
[BlackClock "0:01:24"]

1. Nf3 d5 2. g3 Nf6 3. Bg2 Bf5 4. O-O e6 5. c4 c6 6. Qb3 Qb6 7. d3 Nbd7 8. cxd5 cxd5 9. Qxb6 Nxb6 10. Be3 Nbd7 11. Nd4 Bg6 12. Nb5 Rc8 13. Nxa7 Rc2 14. Rc1 Rxb2 15. Rc8+ Ke7 16. Nc3 Bh5 17. Ra8 Ng4 18. Bd4 e5 19. Nxd5+ Kd6 20. Bxb2 1-0


[Site "https://www.chess.com"]

[Event "Titled Tuesday Blitz February 22 Late 2022"]
[White "Le Goff, Ronan"]
[Black "Ardila, Oscar Humberto"]
[WhiteFideId "612073"]
[BlackFideId "4404742"]
[WhiteElo "2276"]
[BlackElo "1898"]
[Result "1-0"]
[Round "02"]
[TimeControl "180+1"]
[Date "2022.02.23"]
[WhiteClock "0:01:18"]
[BlackClock "0:00:47"]

1. d4 Nf6 2. Nc3 e6 3. e4 Bb4 4. e5 Nd5 5. Bd2 Bxc3 6. bxc3 c5 7. Qg4 g6 8. h4 h5 9. Qg3 cxd4 10. cxd4 Qc7 11. c3 b6 12. Bd3 Ne7 13. Ne2 Ba6 14. Be4 Bb7 15. Bc2 Qc6 16. O-O Nf5 17. Bxf5 gxf5 18. Nf4 Na6 19. Qg5 Nc7 20. c4 Qe4 21. d5 Qxe5 22. Rfe1 Qd6 23. Rad1 Qe7 24. Qxe7+ Kxe7 25. d6+ Kxd6 26. Bb4+ Kc6 27. Rd6# 1-0


[Site "https://www.chess.com"]

[Event "Titled Tuesday Blitz February 22 Late 2022"]
[White "Lehtosaari, Mauri"]
[Black "Fernandez Hernandez, Gerardo"]
[WhiteFideId "501999"]
[BlackFideId "2207400"]
[WhiteElo "2442"]
[BlackElo "2101"]
[Result "1-0"]
[Round "02"]
[TimeControl "180+1"]
[Date "2022.02.23"]
[WhiteClock "0:00:06"]
[BlackClock "0:00:01"]

1. d4 Nf6 2. Nf3 e6 3. Bg5 h6 4. Bh4 g5 5. Bg3 d6 6. Nbd2 Bg7 7. c3 Nbd7 8. e4 Nh5 9. Ng1 Nxg3 10. hxg3 b6 11. Bd3 Bb7 12. Qe2 Qe7 13. Ngf3 a6 14. O-O-O b5 15. Kb1 c5 16. e5 cxd4 17. exd6 Qxd6 18. cxd4 Bxd4 19. Nxd4 Qxd4 20. Be4 Qb6 21. Bxb7 Qxb7 22. Ne4 Ke7 23. f4 g4 24. Rhe1 Rhd8 25. Qxg4 Nf6 26. Nxf6 Rxd1+ 27. Qxd1 Kxf6 28. Qd4+ Kg6 29. g4 Qxg2 30. f5+ exf5 31. gxf5+ Kh7 32. Qf6 Qg7 33. Qe7 Rc8 34. Qe4 Qf6 35. a3 Rc4 36. Qd3 Rf4 37. Rf1 Rd4 38. Qc2 Rc4 39. Qd3 Rd4 40. Qf3 Rd2 41. Qb3 Rd6 42. Ka1 Rc6 43. Qd3 Rc4 44. Kb1 Ra4 45. Qc2 Rc4 46. Qf2 a5 47. Ka1 b4 48. a4 b3 49. Kb1 Rxa4 50. Qb6 Rd4 51. Qxf6 Rd1+ 52. Rxd1 h5 53. Rg1 1-0


[Site "https://www.chess.com"]

[Event "Titled Tuesday Blitz February 22 Late 2022"]
[White "Leitao, Rafael"]
[Black "Nakamura, Hikaru"]
[WhiteFideId "2101246"]
[BlackFideId "2016192"]
[WhiteElo "2609"]
[BlackElo "2850"]
[Result "0-1"]
[Round "02"]
[TimeControl "180+1"]
[Date "2022.02.22"]
[WhiteClock "0:00:13"]
[BlackClock "0:00:19"]

1. c4 e5 2. Nc3 Nf6 3. Nf3 Nc6 4. e4 Bc5 5. Nxe5 O-O 6. Nxc6 dxc6 7. Be2 Qd4 8. O-O Nxe4 9. Nxe4 Qxe4 10. d3 Qe5 11. Re1 Qf6 12. Bf3 Bf5 13. Be3 Bd4 14. Qc2 Rad8 15. Rad1 h6 16. Re2 Rd7 17. Bxd4 Rxd4 18. Re3 Rfd8 19. b3 Qd6 20. Qe2 Be6 21. g3 b5 22. Re1 a6 23. h4 c5 24. Be4 f5 25. Bf3 Bf7 26. Re7 c6 27. Bh5 g6 28. Bf3 Rxd3 29. Bd5 Rxd5 30. cxd5 cxd5 31. Qe3 Kg7 32. Ra7 d4 33. Qe7 Qxe7 34. Rexe7 Rf8 35. Red7 Kf6 36. Rxa6+ Ke5 37. Re7+ Kd5 38. f3 c4 39. b4 c3 40. Rc7 Ke5 41. Rc5+ Bd5 42. Kf2 f4 43. gxf4+ Rxf4 44. Ke2 Rxh4 45. Ra7 Rh2+ 46. Ke1 d3 47. Rd7 d2+ 0-1


[Site "https://www.chess.com"]

[Event "Titled Tuesday Blitz February 22 Late 2022"]
[White "Lenderman, Aleksandr"]
[Black "Carlsson, Ludvig"]
[WhiteFideId "2021285"]
[BlackFideId "1727010"]
[WhiteElo "2831"]
[BlackElo "2562"]
[Result "1/2-1/2"]
[Round "02"]
[TimeControl "180+1"]
[Date "2022.02.23"]
[WhiteClock "0:00:15"]
[BlackClock "0:00:07"]

1. b3 d5 2. Bb2 Bf5 3. d3 e6 4. Nd2 h6 5. e4 Bh7 6. exd5 exd5 7. Qe2+ Qe7 8. O-O-O Qxe2 9. Nxe2 Nd7 10. Nf4 c6 11. Re1+ Kd8 12. g3 Ngf6 13. Bh3 Bd6 14. Nf3 Re8 15. Rxe8+ Kxe8 16. Re1+ Kf8 17. Ne5 Nxe5 18. Bxe5 Bxe5 19. Rxe5 Re8 20. Rxe8+ Nxe8 21. Kd2 Nd6 22. c4 dxc4 23. bxc4 Bf5 24. Bg2 Ke7 25. Kc3 Be6 26. a4 Bf5 27. a5 a6 28. Ne2 Bg4 29. Nd4 Kd7 30. h3 Be6 31. Kb4 Kc7 32. Nb3 Nf5 33. d4 Nd6 34. Bf1 Ne4 35. Nc5 Nxf2 36. g4 Nd1 37. Be2 Ne3 38. Kc3 Ng2 39. Bf1 Nf4 40. Kd2 Bc8 41. Ke3 Ne6 42. Nd3 Nf8 43. d5 cxd5 44. cxd5 Nd7 45. Kd4 Nf6 46. Ne5 Ne8 47. Nxf7 Nd6 48. Nxd6 Kxd6 49. Bd3 Bd7 50. Bf5 Bb5 51. Bc8 g5 52. Bxb7 Bf1 53. Ke4 Bxh3 54. Bxa6 Bg2+ 55. Kf5 Bxd5 56. Kg6 Be6 57. Be2 Kc5 58. Kh5 Kc6 59. Kxh6 Bxg4 60. Bxg4 Kb5 61. Kxg5 Kxa5 1/2-1/2


[Site "https://www.chess.com"]

[Event "Titled Tuesday Blitz February 22 Late 2022"]
[White "Levine, Joseph"]
[Black "Warakomska, Anna"]
[WhiteFideId "30940346"]
[BlackFideId "1130790"]
[WhiteElo "1802"]
[BlackElo "2062"]
[Result "0-1"]
[Round "02"]
[TimeControl "180+1"]
[Date "2022.02.23"]
[WhiteClock "0:00:38"]
[BlackClock "0:00:51"]

1. e4 c5 2. Nf3 e6 3. d3 Nc6 4. g3 Nf6 5. Bg2 Be7 6. O-O d6 7. Re1 e5 8. c3 O-O 9. d4 cxd4 10. cxd4 Qc7 11. d5 Nb4 12. Na3 Bd7 13. Bf1 Rac8 14. Bd2 Na6 15. Rc1 Qb8 16. b4 Nc7 17. Nc4 Na8 18. Qb3 Bd8 19. Bg5 h6 20. Bxf6 Bxf6 21. Kg2 Bd8 22. Nfd2 Nb6 23. Na5 Bg5 24. f4 exf4 25. h4 f3+ 26. Kxf3 Bxd2 27. Rxc8 Rxc8 0-1


[Site "https://www.chess.com"]

[Event "Titled Tuesday Blitz February 22 Late 2022"]
[White "Lewicki, Miroslaw"]
[Black "Roque Sola, Jose Luis"]
[WhiteFideId "1113380"]
[BlackFideId "5120390"]
[WhiteElo "2283"]
[BlackElo "1983"]
[Result "1-0"]
[Round "02"]
[TimeControl "180+1"]
[Date "2022.02.23"]
[WhiteClock "0:01:01"]
[BlackClock "0:00:13"]

1. g3 g6 2. Bg2 Bg7 3. Nf3 Nf6 4. O-O O-O 5. d4 d5 6. b3 c6 7. Bb2 Nbd7 8. Nbd2 b6 9. Ne5 Bb7 10. e4 dxe4 11. Nxe4 Nxe5 12. dxe5 Nxe4 13. Bxe4 Qc7 14. f4 Rad8 15. Qf3 Rd7 16. Rad1 Rfd8 17. Rxd7 Rxd7 18. Rd1 Rxd1+ 19. Qxd1 c5 20. Bxb7 Qxb7 21. Qd8+ Bf8 22. Qd3 e6 23. Bc1 Be7 24. h4 h5 25. Be3 b5 26. c4 bxc4 27. Qxc4 Qf3 28. Bf2 Kg7 29. Qa6 Qd1+ 30. Qf1 Qd2 31. a4 Qc2 32. Qb5 Qd1+ 33. Kh2 Qc2 34. Kg2 Qe4+ 35. Kg1 Qb1+ 36. Kg2 Qe4+ 37. Kf1 Qb1+ 38. Be1 Qe4 39. Qe2 Qb1 40. Qc4 Qb2 41. Bf2 Qb1+ 42. Ke2 Qb2+ 43. Kf3 Qb1 44. a5 Qd1+ 45. Kg2 Qd2 46. a6 Qd1 47. b4 Qg4 48. bxc5 Bxh4 49. c6 Bd8 50. c7 Bxc7 51. Qxc7 h4 52. Qc2 h3+ 53. Kh2 Qf3 54. Bg1 Qf1 55. Qa2 Kh6 56. Bxa7 1-0


[Site "https://www.chess.com"]

[Event "Titled Tuesday Blitz February 22 Late 2022"]
[White "Lewtak, Damian"]
[Black "Aradhya, Garg"]
[WhiteFideId "1141724"]
[BlackFideId "25006746"]
[WhiteElo "2361"]
[BlackElo "2169"]
[Result "1-0"]
[Round "02"]
[TimeControl "180+1"]
[Date "2022.02.23"]
[WhiteClock "0:00:39"]
[BlackClock "0:00:08"]

1. e4 e5 2. Nf3 Nc6 3. Bb5 a6 4. Bxc6 dxc6 5. O-O f6 6. d4 Bg4 7. dxe5 Qxd1 8. Rxd1 fxe5 9. Be3 Bxf3 10. gxf3 Bd6 11. Nd2 Ne7 12. Nc4 O-O-O 13. Rd3 Ng6 14. Rad1 Be7 15. Rxd8+ Rxd8 16. Rxd8+ Kxd8 17. Kf1 b6 18. Ke2 Kd7 19. b3 Ke6 20. Nb2 h6 21. Nd3 a5 22. f4 exf4 23. Nxf4+ Nxf4+ 24. Bxf4 Bd6 25. Bg3 g5 26. f3 c5 27. a4 c6 28. Ke3 b5 29. c4 bxc4 30. bxc4 Be5 31. f4 Bd4+ 32. Kf3 Kf6 33. Be1 gxf4 34. Bxa5 Be3 35. Bc7 Bd2 36. a5 Ke6 37. a6 Kd7 38. a7 Kxc7 39. a8=Q Be3 40. Qf8 Kd7 41. Qf7+ Kd6 42. Qf6+ Kd7 43. e5 Kc7 44. Qf7+ Kb6 45. e6 Ka5 46. e7 Kb4 47. e8=Q Kc3 48. Qe5+ Kd3 49. Qff5+ Kd2 50. Qb2+ Kd1 51. Qfb1+ Bc1 52. Q1xc1# 1-0


[Site "https://www.chess.com"]

[Event "Titled Tuesday Blitz February 22 Late 2022"]
[White "Li, Hui"]
[Black "Kovanova, Baira"]
[WhiteFideId "15400310"]
[BlackFideId "4164083"]
[WhiteElo "1954"]
[BlackElo "2190"]
[Result "0-1"]
[Round "02"]
[TimeControl "180+1"]
[Date "2022.02.23"]
[WhiteClock "0:00:01"]
[BlackClock "0:00:12"]

1. e4 e5 2. Nf3 Nc6 3. Bb5 a6 4. Bxc6 dxc6 5. O-O Bg4 6. h3 h5 7. d3 Qf6 8. Nbd2 Bd6 9. Re1 Ne7 10. d4 Ng6 11. hxg4 hxg4 12. Nh2 Qh4 13. Ndf1 Rd8 14. Qxg4 Qh7 15. g3 Be7 16. c3 exd4 17. cxd4 Rxd4 18. Be3 Ne5 19. Qe2 Rd6 20. Bf4 Bf6 21. Rad1 Ke7 22. Rxd6 cxd6 23. Bxe5 Bxe5 24. Qg4 f6 25. Kg2 g5 26. Kf3 Qf7 27. b3 Bd4 28. Ke2 Re8 29. Nf3 Bc5 30. Ne3 Kd8 31. Nf5 d5 32. Kd1 dxe4 33. Rxe4 Qd5+ 34. Nd2 Rh8 35. Qe2 Kc7 36. Ne3 Rh1+ 37. Kc2 Qd7 38. Qd3 Qh7 39. g4 Rh2 40. Rc4 Qxd3+ 41. Kxd3 Bd6 42. Ne4 Be5 43. Rc2 Rh3 44. Ke2 b5 45. a4 Kd7 46. axb5 axb5 47. Nc5+ Kd6 48. Nd3 Bd4 49. Nb4 Bxe3 50. fxe3 c5 51. Nd3 Rg3 52. Nxc5 Rg2+ 53. Kd3 Rxc2 54. Ne4+ Ke5 55. Kxc2 Kxe4 56. Kc3 Kxe3 57. Kb4 Kf4 58. Kxb5 Kxg4 59. b4 f5 60. Kc6 f4 61. b5 f3 62. b6 f2 63. b7 f1=Q 64. b8=Q Qf6+ 65. Kd5 Qf5+ 66. Kc6 Qe4+ 67. Kd7 Qf4 68. Qg8 Kg3 69. Ke6 g4 70. Ke7 Qe5+ 0-1


[Site "https://www.chess.com"]

[Event "Titled Tuesday Blitz February 22 Late 2022"]
[White "Lopez Perdomo, Juan David"]
[Black "Sliwicki, Damian"]
[WhiteFideId "4405137"]
[BlackFideId "1127128"]
[WhiteElo "1997"]
[BlackElo "2084"]
[Result "1/2-1/2"]
[Round "02"]
[TimeControl "180+1"]
[Date "2022.02.23"]
[WhiteClock "0:00:03"]
[BlackClock "0:00:04"]

1. e4 c5 2. d4 cxd4 3. c3 g6 4. cxd4 Bg7 5. Nf3 d5 6. exd5 Nf6 7. Nc3 Nxd5 8. Be2 O-O 9. O-O Nc6 10. Bg5 Bg4 11. h3 Bxf3 12. Bxf3 Nxc3 13. bxc3 Qa5 14. Bd2 Rac8 15. Qb3 Nxd4 16. Qxb7 Nxf3+ 17. Qxf3 Bxc3 18. Bxc3 Qxc3 19. Qe4 e6 20. Rab1 Qc4 21. Qe3 Qxa2 22. Ra1 Qd5 23. Rxa7 Rc4 24. Rb1 Re4 25. Qf3 Qe5 26. g3 Qd5 27. Qf6 Re5 28. Rxf7 Re1+ 29. Rxe1 Rxf7 30. Qxe6 Qd2 31. Qe3 Qc2 32. Rc1 Qf5 33. Rc5 Qxh3 34. Qe8+ Kg7 35. Qe5+ Kg8 36. Rb5 Qf5 37. Rb8+ Rf8 38. Qxf5 gxf5 39. Rb4 Kg7 40. Kg2 Kg6 41. Kf3 Rf6 42. Kf4 h6 43. Rb8 Ra6 44. Rg8+ Kf6 45. Rh8 Ra4+ 46. Kf3 Ra3+ 47. Kg2 Kg7 48. Rc8 Ra5 49. Rc7+ Kg6 50. Rc6+ Kg5 51. Kh3 f4 52. gxf4+ Kxf4 53. Rxh6 Rg5 54. Rf6+ Ke4 55. Kh4 Rg1 56. Kh3 Rg8 57. Rf7 Rg1 58. Kh2 Rg8 59. Kh3 Rg1 60. Kh4 Rg8 61. Kh5 Rg1 62. f4 Rf1 63. Kg5 Rg1+ 64. Kh6 Rh1+ 65. Kg7 Rg1+ 66. Kf8 Rf1 67. Re7+ Kd5 68. Rf7 Ke4 69. Re7+ Kf5 70. Rf7+ Kg4 71. Kg7 Rxf4 72. Rxf4+ Kxf4 1/2-1/2


[Site "https://www.chess.com"]

[Event "Titled Tuesday Blitz February 22 Late 2022"]
[White "Mangialardo, Tiago Carvalho"]
[Black "Glavina, Pablo"]
[WhiteFideId "2130718"]
[BlackFideId "100234"]
[WhiteElo "2114"]
[BlackElo "2369"]
[Result "0-1"]
[Round "02"]
[TimeControl "180+1"]
[Date "2022.02.23"]
[WhiteClock "0:00:03"]
[BlackClock "0:00:37"]

1. Nf3 Nf6 2. d4 c5 3. c4 cxd4 4. Qxd4 g6 5. Nc3 Bg7 6. Qd1 O-O 7. Bf4 b6 8. e3 Bb7 9. Be2 Ne4 10. Nxe4 Bxe4 11. Qd2 Na6 12. O-O Nc5 13. Be5 Bxf3 14. Bxf3 Bxe5 15. Bxa8 Qxa8 16. Rab1 d6 17. Rfd1 Bg7 18. h4 h5 19. f3 Rc8 20. b3 Ne6 21. Rbc1 Bf6 22. Qf2 Ng7 23. g3 a5 24. e4 Qc6 25. Qd2 Ne6 26. Qd5 Qxd5 27. Rxd5 Nd4 28. Kf2 Rc6 29. Ke3 e5 30. f4 Kf8 31. fxe5 dxe5 32. Rf1 Ke7 33. a3 Bg7 34. Rb1 Bh6+ 35. Kd3 f6 36. Kc3 Ke6 37. b4 axb4+ 38. axb4 f5 39. Kd3 f4 40. gxf4 Bxf4 41. Rg1 g5 42. c5 g4 43. cxb6 Rxb6 44. Kc4 g3 45. Kc5 Rb5+ 46. Kc4 Rb8 47. b5 Nf3 48. Rg2 Nxh4 49. Rg1 Nf3 50. Rg2 h4 51. Kc5 Rc8+ 52. Kb6 h3 53. Ra2 g2 54. Ra6 Re8 55. Kb7+ Kf7 56. Rd7+ Re7 0-1


[Site "https://www.chess.com"]

[Event "Titled Tuesday Blitz February 22 Late 2022"]
[White "Marcziter, Dmitrii"]
[Black "Bodnar, Nikolay"]
[WhiteFideId "13900765"]
[BlackFideId "14106469"]
[WhiteElo "2155"]
[BlackElo "2296"]
[Result "0-1"]
[Round "02"]
[TimeControl "180+1"]
[Date "2022.02.23"]
[WhiteClock "0:00:25"]
[BlackClock "0:01:48"]

1. d4 Nf6 2. Nf3 g6 3. c4 Bg7 4. g3 O-O 5. Bg2 d6 6. O-O Nc6 7. Nc3 e5 8. dxe5 dxe5 9. Qxd8 Rxd8 10. Bg5 Be6 11. Nd2 h6 12. Bxf6 Rxd2 13. Bxg7 Kxg7 14. b3 f5 15. Rfd1 Rad8 16. Rxd2 Rxd2 17. Rc1 e4 18. Kf1 Nb4 19. a3 Na2 20. Rd1 Rxd1+ 21. Nxd1 Nc1 22. f3 exf3 23. Bxf3 b6 24. Bd5 Bxd5 25. cxd5 Nxb3 26. Nc3 a6 27. e4 Nd2+ 28. Ke2 Nxe4 29. Nxe4 fxe4 30. Ke3 Kf6 31. Kxe4 Ke7 32. Ke5 b5 33. g4 a5 34. h4 b4 35. axb4 axb4 36. Kd4 Kd6 37. Kc4 b3 38. Kc3 Kxd5 0-1


[Site "https://www.chess.com"]

[Event "Titled Tuesday Blitz February 22 Late 2022"]
[White "Martinez Alcantara, Jose Eduardo"]
[Black "Hambleton, Aman"]
[WhiteFideId "3805662"]
[BlackFideId "2606577"]
[WhiteElo "2690"]
[BlackElo "2552"]
[Result "1-0"]
[Round "02"]
[TimeControl "180+1"]
[Date "2022.02.22"]
[WhiteClock "0:00:40"]
[BlackClock "0:00:01"]

1. e4 c5 2. Nf3 e6 3. c3 Nf6 4. Bd3 c4 5. Bxc4 Nxe4 6. d3 Nf6 7. d4 b6 8. Bf4 Bb7 9. Nbd2 Be7 10. Qe2 d6 11. O-O O-O 12. a4 Nbd7 13. h3 Re8 14. Rfe1 Bf8 15. Bd3 a6 16. Bh2 Qc7 17. Ng5 h6 18. Nge4 Red8 19. Rac1 Be7 20. Bb1 Nxe4 21. Nxe4 Nf6 22. Nxf6+ Bxf6 23. Qd3 g6 24. Bf4 Bg7 25. Qg3 b5 26. h4 bxa4 27. Qe3 h5 28. Qg3 a3 29. bxa3 Rab8 30. c4 Bxd4 31. Bxg6 fxg6 32. Rxe6 Rd7 33. Rxd6 Qc5 34. Rxd7 1-0


[Site "https://www.chess.com"]

[Event "Titled Tuesday Blitz February 22 Late 2022"]
[White "Martirosyan, Haik M."]
[Black "Maksimovic, Bojan"]
[WhiteFideId "13306553"]
[BlackFideId "14408120"]
[WhiteElo "2735"]
[BlackElo "2450"]
[Result "1-0"]
[Round "02"]
[TimeControl "180+1"]
[Date "2022.02.22"]
[WhiteClock "0:01:31"]
[BlackClock "0:00:02"]

1. e4 c5 2. Nf3 Nc6 3. Bb5 e6 4. O-O Nge7 5. Re1 a6 6. Bf1 d5 7. exd5 Nxd5 8. d4 Nf6 9. Be3 Be7 10. c4 O-O 11. Nc3 b6 12. dxc5 bxc5 13. Na4 Qa5 14. b3 Rd8 15. Qc1 Nd4 16. Nxd4 cxd4 17. Bd2 Qc7 18. Bf4 Qc6 19. Be2 Ra7 20. Bf3 Qe8 21. c5 Nd5 22. Bxd5 Rxd5 23. c6 Bb4 24. Re4 f5 25. Re5 Qd8 26. Rxd5 Qxd5 27. Nb6 Qd8 28. c7 Qf8 29. Nxc8 Qxc8 30. Qc4 Bc3 31. Rd1 Kf7 32. h4 Ra8 33. Be5 Qb7 34. Bxd4 Ba5 35. Be5 Qb5 36. Qxb5 axb5 37. Rd7+ 1-0


[Site "https://www.chess.com"]